 Dungeon Crawl Stone Soup version 0.27-a0-1193-g8631133539 (webtiles) character file.

Game seed: 10533050563546397647

47 karrick the Sneak (level 3, 24/24 HPs)
             Began as a Vampire Enchanter on May 27, 2021.
             Quit the game on level 2 of the Dungeon.
             The game lasted 00:02:15 (1024 turns).

karrick the Sneak (Vampire Enchanter)               Turns: 1024, Time: 00:02:15

Health: 24/24      AC:  3    Str:  8    XL:     3   Next: 48%
Magic:  6/6        EV: 12    Int: 17    God:
Gold:   56         SH:  0    Dex: 14    Spells: 2/6 levels left

rFire    . . .     SeeInvis +   a - +1 dagger
rCold    . . .     Faith    .   (no shield)
rNeg     + . .     Spirit   .   b - +0 robe
rPois    .         Reflect  .   (no helmet)
rElec    .         Harm     .   (no cloak)
rCorr    .         Rampage  .   d - +0 pair of gloves
Will     .....                  (no boots)
Stlth    +++.......             (no amulet)
HPRegen  0.28/turn              h - ring of positive energy
MPRegen  0.10/turn              (no ring)

@: healing quickly
A: alive, fangs 3, see invisible, vampiric 2
a: Exsanguinate


You were on level 2 of the Dungeon.
You visited 1 branch of the dungeon, and saw 3 of its levels.

You collected 56 gold pieces.

Inventory:

Hand Weapons
 a - a +1 dagger (weapon)
Armour
 b - a +0 robe (worn)
 d - a +0 pair of gloves (worn)
Jewellery
 h - a ring of positive energy (left hand)
Scrolls
 e - a scroll of identify {unknown}
 f - a scroll of teleportation {unknown}
Potions
 c - a potion of mutation {unknown}
 g - a potion of degeneration {unknown}


   Skills:
 + Level 0.2 Fighting
 + Level 1.5 Short Blades
 + Level 2.7 Dodging
 * Level 5.4 Stealth
 + Level 2.0 Spellcasting
 * Level 5.1 Hexes


You had 2 spell levels left.
You knew the following spells:

 Your Spells              Type           Power      Damage    Failure   Level
a - Corona                Hex            21%        N/A       2%          1
b - Confusing Touch       Hex            19%        N/A       7%          3

Your spell library contained the following spells:

 Spells                   Type           Power      Damage    Failure   Level
 Ensorcelled Hibernation  Hex/Ice        20%        N/A       10%         2
 Tukima's Dance           Hex            19%        N/A       7%          3
 Dazzling Flash           Conj/Hex       20%        N/A       21%         3


Dungeon Overview and Level Annotations

Branches:
Dungeon (3/15)

Altars:


Innate Abilities, Weirdness & Mutations

Your natural rate of healing is accelerated.
You have razor-sharp teeth.
You have supernaturally acute eyesight. (SInv)
You are afflicted with vampirism and can become a bat while bloodless.


Message History

No target in view!
No target in view!
No target in view!
No target in view!
No target in view!
The bat closely misses you. The bat barely misses you.
A bat is nearby!
A bat is nearby!
A bat is nearby!
You barely miss the bat.
The bat is moderately wounded.
The bat misses you. The bat hits you but does no damage.
You hit the bat but do no damage.
The bat is moderately wounded.
The bat misses you. The bat hits you but does no damage.
You hit the bat.
You kill the bat!
No target in view!
No target in view!
No target in view!
No target in view!
No target in view!
No target in view!
No target in view!
No target in view!
No target in view!
No target in view!
No target in view!
No target in view!
h - a ring of positive energy You now have 56 gold pieces (gained 13).
Items here: ( )) †.
You see here a dart slug corpse.
A hobgoblin comes into view.
A hobgoblin is nearby!
A hobgoblin is nearby!
A hobgoblin is nearby!
h - a ring of positive energy (left hand) Are you sure you want to abandon this character and quit the game? (Confirm with "yes".)

# #.# ###.# ...<# ##### #
####### ### ##### #.....#
..######.#.#.#.#.## #.....#
..........g...!...# #.....#
#........#.##+##@##+#.....#
#..........#...#..........#.#
'........#.+...+.#..........#
#..........#...#........##..#
#........#.##'##.##+###.##..#
#...................#.......#
#........#.#.#.#.#..#...###.#
.............†....#†#.......#
....#######.......#)....#####


You could see a hobgoblin (asleep).

Vanquished Creatures
  An adder (D:3)
  2 dart slugs
  3 endoplasms
  2 giant cockroaches (D:1)
  4 goblins
  3 hobgoblins (D:1)
  4 jackals (D:1)
  A quokka (D:1)
  5 bats
  3 kobolds
  A rat (D:1)
29 creatures vanquished.

Notes
Turn   | Place    | Note
-------+----------+-------------------------------------------
     0 | D:1      | karrick the Vampire Enchanter began the quest for the Orb.
     0 | D:1      | Reached XP level 1. HP: 13/13 MP: 3/3
   208 | D:1      | Reached XP level 2. HP: 19/19 MP: 5/5
   298 | D:1      | Reached skill level 5 in Stealth
   522 | D:1      | Reached skill level 5 in Hexes
   705 | D:1      | Gained mutation: You are afflicted with vampirism and can
                  | become a bat while bloodless. [Vampire growth]
   705 | D:1      | Reached XP level 3. HP: 17/24 MP: 6/6
   912 | D:2      | Learned a level 3 spell: Confusing Touch
  1024 | D:2      | Quit the game

Illustrated notes

Levels and vault maps discovered:
D:1:      nagdon_arrival_double_spiral, layout_loops_ring, minmay_pentomino_o2
D:2:      layout_basic, hellmonk_ecumenical_altar_crossroads,
          minmay_misc_feat_four_crosses, minmay_misc_feat_doors
D:3:      layout_basic, uniq_grinder

Skill      XL: |  1  2 |
---------------+-------+-----
Stealth        | 5 |  5.4
Hexes          | 5 |  5.1
Fighting       | |  0.2
Short Blades   | |  1.5
Dodging        | |  2.7
Spellcasting   | |  2.0

Action                   || total
-------------------------++-------
Melee: Dagger            ||   147
       Bite              ||     8
 Cast: Corona            ||     4
 Stab: Sleeping          ||     8
Armor: Robe              ||    37
Dodge: Dodged            ||    83

Table legend: (Time is in decaauts)
 A = Elapsed time spent in this place.
 B = Non-inter-level travel time spent in this place.
 C = Inter-level travel time spent in this place.
 D = Time resting spent in this place.
 E = Time spent auto-exploring this place.
 F = Levels seen in this place.
 G = Mean time per level.
                   A        B        C        D        E       F      G
               +--------+--------+--------+--------+--------+-----+--------+
         Total |   1014 |   1002 |     12 |     53 |    681 |   3 |  338.0 |
       Dungeon |   1014 |   1002 |     12 |     53 |    681 |   3 |  338.0 |
               +--------+--------+--------+--------+--------+-----+--------+

Top non-repeatable levels by time:
     D:1: 755 daAuts
     D:2: 181 daAuts
     D:3: 77 daAuts
